[Event "FIDE WYCC Open U14 2023"]
[Site "Montesilvano"]
[Date "2023.11.17"]
[Round "5.21"]
[White "Bazilius, Augustinas"]
[Black "Besou, Hussain"]
[Result "0-1"]
[ECO "D20"]
[WhiteElo "2138"]
[BlackElo "2341"]
[Annotator "RC"]
[PlyCount "68"]
[EventDate "2023.11.13"]
[EventType "swiss"]
[EventCountry "ITA"]
[SourceTitle "playchess.com"]
[Source "ChessBase"]
[SourceQuality "1"]
[TimeControl "40/5400+30:1800+30"]

1. d4 d5 2. c4 dxc4 3. e3 Nf6 4. Bxc4 e6 5. Nf3 a6 6. O-O c5 7. dxc5 Qxd1 8. Rxd1 Bxc5 9. a4 b6 10. Nc3 Bb7 11. Ne5 Nbd7 12. Nxd7 Nxd7 13. b3 Ke7 14. Bb2 h5 15. Rac1 h4 16. h3 Nf6 17. Ne2 Rad8 18. Nf4 Rxd1+ 19. Rxd1 Rg8 20. Nd3 Rd8 21. Rc1 Bd6 22. Bd4 Nd7 23. Bc3 g5 24. f3 f5 25. Bb4 Bxb4 26. Nxb4 Nc5 27. Nc2 Kf6 28. Ne1 Rd2 29. Rc2 Rd1 30. Kf2 Rb1 31. Rc3 g4 32. Nd3 g3+ 33. Ke2 Nxd3 34. Kxd3 Rd1+ 0-1

[Event "FIDE WYCC Open U14 2023"]
[Site "Montesilvano"]
[Date "2023.11.17"]
[Round "5.22"]
[White "Warchol, Kamil"]
[Black "Goh, Zi Han"]
[Result "0-1"]
[ECO "B90"]
[WhiteElo "2095"]
[BlackElo "2333"]
[Annotator "RC"]
[PlyCount "116"]
[EventDate "2023.11.13"]
[EventType "swiss"]
[EventCountry "ITA"]
[SourceTitle "playchess.com"]
[Source "ChessBase"]
[SourceQuality "1"]
[TimeControl "40/5400+30:1800+30"]

1. e4 c5 2. Nf3 d6 3. d4 cxd4 4. Nxd4 Nf6 5. Nc3 a6 6. Bd3 e5 7. Nde2 Be7 8. O-O O-O 9. Ng3 b5 10. h3 Re8 11. Re1 g6 12. Bg5 Nbd7 13. a4 b4 14. Na2 Rb8 15. Nc1 Bb7 16. Nb3 Qb6 17. Bc4 Rbc8 18. Qd3 Ng4 19. hxg4 Bxg5 20. Bd5 Nf6 21. a5 Qc7 22. Bxb7 Qxb7 23. Re2 Red8 24. Nf1 Nxg4 25. Qg3 h5 26. f3 Bf4 27. Qh4 Qa7+ 28. Kh1 Ne3 29. Nxe3 Bxe3 30. Qe1 Bc5 31. Rd1 Qe7 32. Rd5 Ba7 33. g3 Rc4 34. Red2 Rc6 35. Rg2 Qf6 36. Rd3 Rc4 37. Kh2 Rdc8 38. Qd1 h4 39. g4 Qf4+ 40. Kh1 Kg7 41. Rxd6 h3 42. Rh2 Rxc2 43. Rdd2 Rxd2 44. Rxd2 Be3 45. Rh2 Rd8 46. Qf1 Ba7 47. Rxh3 Qe3 48. Na1 Rc8 49. f4 Qxe4+ 50. Kh2 exf4 51. g5 Bd4 52. Rh4 Qe3 53. Rh3 Rc1 54. Qg2 Qg1+ 55. Qxg1 Bxg1+ 56. Kg2 Rxa1 57. Rh1 Rc1 58. Rxg1 Rxg1+ 0-1

[Event "FIDE WYCC Open U14 2023"]
[Site "Montesilvano"]
[Date "2023.11.17"]
[Round "5.23"]
[White "Lissillour, Baptiste"]
[Black "Demirtas, Alper"]
[Result "1-0"]
[ECO "C18"]
[WhiteElo "2298"]
[BlackElo "2034"]
[Annotator "RC"]
[PlyCount "115"]
[EventDate "2023.11.13"]
[EventType "swiss"]
[EventCountry "ITA"]
[SourceTitle "playchess.com"]
[Source "ChessBase"]
[SourceQuality "1"]
[TimeControl "40/5400+30:1800+30"]

1. e4 e6 2. d4 d5 3. Nc3 Bb4 4. e5 c5 5. a3 Bxc3+ 6. bxc3 Ne7 7. h4 Qc7 8. Rh3 Nbc6 9. h5 h6 10. Nf3 Bd7 11. Be2 O-O-O 12. Kf1 c4 13. a4 Kb8 14. Ba3 Ka8 15. a5 Rdg8 16. Qc1 Nc8 17. a6 b6 18. Qf4 Be8 19. Qh4 Qd8 20. Qxd8 Nxd8 21. Nh2 Bb5 22. Bc1 Ne7 23. g4 Nec6 24. f4 Nb8 25. f5 Nxa6 26. Rf3 Nc7 27. f6 g5 28. hxg6 fxg6 29. Rh3 Nf7 30. Kf2 Bd7 31. g5 hxg5 32. Kg3 Nb5 33. Bd2 a5 34. Bg4 Kb7 35. Nf3 Rxh3+ 36. Bxh3 Nc7 37. Bg4 Rh8 38. Bxg5 a4 39. Bc1 Nb5 40. Rxa4 Nxc3 41. Ra1 b5 42. Ng5 Nxg5 43. Bxg5 b4 44. Kg2 b3 45. cxb3 cxb3 46. Ra3 Ba4 47. Bc1 Na2 48. Bb2 Rc8 49. Bd1 Be8 50. Rxb3+ Kc6 51. Be2 Bf7 52. Ba3 Kd7 53. Bb5+ Kd8 54. Bc5 Ra8 55. Rh3 Nc3 56. Bb6+ Kc8 57. Rxc3+ Kb7 58. Bc6+ 1-0

[Event "FIDE WYCC Open U14 2023"]
[Site "Montesilvano"]
[Date "2023.11.17"]
[Round "5.24"]
[White "Vommaro, Stanislao"]
[Black "Zienkiewicz, Jan"]
[Result "1-0"]
[ECO "B88"]
[WhiteElo "2083"]
[BlackElo "2296"]
[Annotator "RC"]
[PlyCount "87"]
[EventDate "2023.11.13"]
[EventType "swiss"]
[EventCountry "ITA"]
[SourceTitle "playchess.com"]
[Source "ChessBase"]
[SourceQuality "1"]
[TimeControl "40/5400+30:1800+30"]

1. e4 c5 2. Nf3 Nc6 3. d4 cxd4 4. Nxd4 Nf6 5. Nc3 d6 6. Bc4 e6 7. Bb3 Bd7 8. Be3 a6 9. f3 b5 10. a3 Be7 11. g4 O-O 12. g5 Ne8 13. h4 Na5 14. Qd2 Nxb3 15. cxb3 Rc8 16. b4 Bc6 17. O-O-O a5 18. bxa5 Qxa5 19. Kb1 Qa6 20. h5 Bd7 21. f4 d5 22. Nc2 Nd6 23. Nb4 Qa5 24. Ncxd5 exd5 25. Nxd5 Qd8 26. Nxe7+ Qxe7 27. Qxd6 Qxe4+ 28. Ka1 Bg4 29. Qd4 Rfe8 30. Rde1 Rc4 31. Qd6 Rc6 32. Qd4 Rc4 33. Qd6 Be6 34. Bd2 Qf3 35. h6 Ra8 36. Rhf1 Qb3 37. Rxe6 fxe6 38. Qxe6+ Kf8 39. Qf5+ Ke7 40. Re1+ Kd6 41. Re6+ Kc7 42. Qf7+ Kb8 43. Re8+ Rc8 44. Rxc8+ 1-0

[Event "FIDE WYCC Open U14 2023"]
[Site "Montesilvano"]
[Date "2023.11.17"]
[Round "5.25"]
[White "Tenuunbold, Battulga"]
[Black "Lira, Suan Bruno Fernandes"]
[Result "1/2-1/2"]
[ECO "E04"]
[WhiteElo "2290"]
[BlackElo "1858"]
[Annotator "RC"]
[PlyCount "102"]
[EventDate "2023.11.13"]
[EventType "swiss"]
[EventCountry "ITA"]
[SourceTitle "playchess.com"]
[Source "ChessBase"]
[SourceQuality "1"]
[TimeControl "40/5400+30:1800+30"]

1. d4 d5 2. c4 e6 3. Nf3 Nf6 4. g3 dxc4 5. Bg2 c5 6. O-O Nc6 7. dxc5 Qxd1 8. Rxd1 Bxc5 9. Nbd2 c3 10. bxc3 O-O 11. Nb3 Be7 12. c4 Bd7 13. Bb2 Rfc8 14. Ne5 Be8 15. Rab1 Nxe5 16. Bxe5 Rxc4 17. Bxb7 Rd8 18. Rdc1 Rb4 19. Bf3 Kf8 20. Bc7 Rc8 21. Kf1 Bd7 22. Bf4 Nd5 23. Rxc8+ Bxc8 24. Bxd5 exd5 25. Rc1 Rc4 26. Ke1 Ke8 27. Kd1 Bd7 28. Be3 Ra4 29. Rc2 Bb4 30. Nc5 Bxc5 31. Bxc5 Ra5 32. Bb4 Rb5 33. Rb2 Bf5 34. Kd2 a5 35. Bc3 Rxb2+ 36. Bxb2 f6 37. Kc3 Kd7 38. Kd4 Kc6 39. Bc3 Bb1 40. a3 a4 41. Bb4 Kd7 42. Kxd5 Ba2+ 43. Kd4 Ke6 44. e4 f5 45. f3 Bb1 46. e5 Ba2 47. Bf8 g6 48. f4 Bb3 49. Kc5 Kd7 50. Kb5 Bd1 51. Bb4 Bc2 1/2-1/2

[Event "FIDE WYCC Open U14 2023"]
[Site "Montesilvano"]
[Date "2023.11.17"]
[Round "5.26"]
[White "Ji, Jiahao Eric"]
[Black "Averin, Nikolay"]
[Result "0-1"]
[ECO "B90"]
[WhiteElo "2045"]
[BlackElo "2270"]
[Annotator "ChessBase"]
[PlyCount "58"]
[EventDate "2023.11.13"]
[EventType "swiss"]
[EventCountry "ITA"]
[SourceTitle "playchess.com"]
[Source "ChessBase"]
[SourceQuality "1"]
[TimeControl "40/5400+30:1800+30"]

1. e4 c5 2. Nf3 d6 3. d4 cxd4 4. Nxd4 Nf6 5. Nc3 a6 6. h3 e5 7. Nb3 Be6 8. f4 g6 9. Be2 Nc6 10. O-O Be7 11. f5 gxf5 12. exf5 Bxb3 13. axb3 d5 14. Bg5 Nb4 15. Ra4 Qb6+ 16. Kh1 O-O-O 17. Bf3 e4 18. Bh5 Rhg8 19. Bf4 Nxh5 20. Qxh5 Qf6 21. h4 h6 22. Qxh6 Qxh6 23. Bxh6 Rh8 24. f6 Bc5 25. Bg5 Rdg8 26. Ra5 Bb6 27. Nxd5 Nxd5 28. Rxd5 Rxg5 29. Rxg5 Rxh4# 0-1

[Event "FIDE WYCC Open U14 2023"]
[Site "Montesilvano"]
[Date "2023.11.17"]
[Round "5.27"]
[White "Sommer, Justus"]
[Black "Balint, Peter"]
[Result "*"]
[ECO "C78"]
[WhiteElo "2013"]
[BlackElo "2256"]
[Annotator "ChessBase"]
[PlyCount "90"]
[EventDate "2023.11.13"]
[EventType "swiss"]
[EventCountry "ITA"]
[SourceTitle "playchess.com"]
[Source "ChessBase"]
[SourceQuality "1"]
[TimeControl "40/5400+30:1800+30"]

1. e4 e5 2. Nf3 Nc6 3. Bb5 a6 4. Ba4 Nf6 5. O-O b5 6. Bb3 Bb7 7. d3 Be7 8. Nc3 O-O 9. a4 b4 10. Nd5 Nxd5 11. Bxd5 d6 12. d4 exd4 13. Nxd4 Qd7 14. Be3 Rab8 15. Nxc6 Bxc6 16. b3 Rfe8 17. Qd3 a5 18. Rad1 Bf8 19. Bc1 Bxd5 20. Qxd5 c6 21. Qc4 Rbc8 22. Bb2 Re6 23. f3 d5 24. Qa6 Qc7 25. e5 c5 26. Qe2 d4 27. f4 Rce8 28. Qc4 Qb7 29. Rde1 Qe7 30. Re2 Kh8 31. Rfe1 f5 32. Qd3 g6 33. Rf1 Bg7 34. g3 Qb7 35. Qc4 Qc6 36. h4 h6 37. Qd3 h5 38. Qc4 Kg8 39. Kf2 Kf7 40. Ke1 Bf8 41. Kd2 Be7 42. Kc1 Bd8 43. Kb1 Bb6 44. Rd2 Rd8 45. Ka2 Qd5 *

[Event "FIDE WYCC Open U14 2023"]
[Site "Montesilvano"]
[Date "2023.11.17"]
[Round "5.28"]
[White "Zaragoza Alanis, Miguel Arnulfo"]
[Black "Nurgaliyev, Sauat"]
[Result "0-1"]
[ECO "B90"]
[WhiteElo "1838"]
[BlackElo "2235"]
[Annotator "ChessBase"]
[PlyCount "72"]
[EventDate "2023.11.13"]
[EventType "swiss"]
[EventCountry "ITA"]
[SourceTitle "playchess.com"]
[Source "ChessBase"]
[SourceQuality "1"]
[TimeControl "40/5400+30:1800+30"]

1. e4 c5 2. Nf3 d6 3. d4 cxd4 4. Nxd4 Nf6 5. Nc3 a6 6. f3 e5 7. Nb3 Be6 8. Be3 h5 9. Qd2 Nbd7 10. Nd5 Bxd5 11. exd5 g6 12. c4 a5 13. Rc1 a4 14. Na1 Bg7 15. Be2 e4 16. O-O exf3 17. Bxf3 Ne5 18. c5 O-O 19. c6 bxc6 20. dxc6 Rc8 21. b4 axb3 22. Nxb3 d5 23. Na5 Nfg4 24. Bxg4 Nxg4 25. Bf4 Qb6+ 26. Kh1 Rfe8 27. c7 g5 28. Bxg5 Rxc7 29. Rb1 Qg6 30. Bf4 Rc2 31. Qxd5 Nf2+ 32. Kg1 Ne4 33. Bg3 h4 34. Qd3 hxg3 35. Qxc2 gxh2+ 36. Kxh2 Qh7+ 0-1

[Event "FIDE WYCC Open U14 2023"]
[Site "Montesilvano"]
[Date "2023.11.17"]
[Round "5.29"]
[White "Yessengali, Adizhan"]
[Black "Dhruva Thota"]
[Result "0-1"]
[ECO "E65"]
[WhiteElo "1725"]
[BlackElo "2192"]
[Annotator "ChessBase"]
[PlyCount "74"]
[EventDate "2023.11.13"]
[EventType "swiss"]
[EventCountry "ITA"]
[SourceTitle "playchess.com"]
[Source "ChessBase"]
[SourceQuality "1"]
[TimeControl "40/5400+30:1800+30"]

1. d4 Nf6 2. Nf3 g6 3. g3 Bg7 4. Bg2 O-O 5. c4 d6 6. O-O c5 7. Nc3 Nc6 8. e3 Bg4 9. h3 Bxf3 10. Bxf3 Nd7 11. Ne2 Qb6 12. Bxc6 bxc6 13. b3 d5 14. cxd5 cxd5 15. Bb2 Qb7 16. Qd2 e5 17. Rac1 cxd4 18. exd4 e4 19. Qa5 Rfc8 20. Rfd1 Nf6 21. Rc5 Bf8 22. Nf4 Qd7 23. Kg2 Qf5 24. Qc3 g5 25. Ne2 h6 26. b4 Re8 27. Rc6 Bxb4 28. Qe3 Rac8 29. Rdc1 Rxc6 30. Rxc6 Rc8 31. Rxc8+ Qxc8 32. h4 Ng4 33. Qc1 Qf5 34. Qf1 Qf3+ 35. Kg1 gxh4 36. gxh4 Bd6 37. Ng3 e3 0-1

[Event "FIDE WYCC Open U14 2023"]
[Site "Montesilvano"]
[Date "2023.11.17"]
[Round "5.30"]
[White "Kao, Jamison Edrich"]
[Black "Myagmarsuren, Evsuld"]
[Result "*"]
[ECO "B95"]
[WhiteElo "1701"]
[BlackElo "2150"]
[Annotator "ChessBase"]
[PlyCount "95"]
[EventDate "2023.11.13"]
[EventType "swiss"]
[EventCountry "ITA"]
[SourceTitle "playchess.com"]
[Source "ChessBase"]
[SourceQuality "1"]
[TimeControl "40/5400+30:1800+30"]

1. e4 c5 2. Nf3 d6 3. d4 cxd4 4. Nxd4 Nf6 5. Nc3 a6 6. Bg5 e6 7. Qe2 h6 8. Bh4 Be7 9. O-O-O O-O 10. e5 Ne8 11. Bxe7 Qxe7 12. f4 b5 13. g3 Bb7 14. Bg2 d5 15. f5 Nd7 16. Kb1 b4 17. f6 gxf6 18. Nxd5 Bxd5 19. Bxd5 exd5 20. Nf5 Qe6 21. Qh5 Ng7 22. Nxh6+ Kh7 23. Qh4 Kg6 24. Rd4 Nxe5 25. Ng4 Rh8 26. Nxe5+ Qxe5 27. Rg4+ Kf5 28. Rf4+ Ke6 29. Qg4+ Ke7 30. Rff1 Ne6 31. Qxb4+ Kd7 32. Qa4+ Kc7 33. Qa5+ Kb7 34. Rf3 Rab8 35. Re1 Qd6 36. Rxf6 Qd7 37. Ref1 Rh7 38. R6f5 d4 39. R5f3 Ka7 40. h4 Rb5 41. Qd2 Nc5 42. Rd1 Qb7 43. c4 Rb4 44. Rf4 Ne6 45. Rxd4 Nxd4 46. Qxd4+ Rb6 47. a4 a5 48. Qe5 *

[Event "FIDE WYCC Open U14 2023"]
[Site "Montesilvano"]
[Date "2023.11.17"]
[Round "5.31"]
[White "kiladze, Luka"]
[Black "Soni, Arjun"]
[Result "1-0"]
[ECO "D31"]
[WhiteElo "2145"]
[BlackElo "1600"]
[Annotator "NA"]
[PlyCount "119"]
[EventDate "2023.11.13"]
[EventType "swiss"]
[EventCountry "ITA"]
[SourceTitle "playchess.com"]
[Source "ChessBase"]
[SourceQuality "1"]
[TimeControl "40/5400+30:1800+30"]

1. d4 d5 2. c4 e6 3. Nc3 a6 4. cxd5 exd5 5. Nf3 c6 6. Qc2 Bd6 7. Bg5 Ne7 8. e3 f6 9. Bh4 Bf5 10. Bd3 Bxd3 11. Qxd3 Nd7 12. Bg3 Qc7 13. Rc1 O-O 14. O-O Bxg3 15. hxg3 Nb6 16. Nd2 Rfe8 17. g4 Qd7 18. f3 h5 19. gxh5 Qf5 20. Qe2 Qxh5 21. g4 Qh3 22. Qg2 Qxg2+ 23. Kxg2 Ng6 24. Rfe1 Kf7 25. Kg3 Re7 26. b3 Rh8 27. Re2 Rhe8 28. Rce1 Nf8 29. f4 Ne6 30. Nf3 Rh8 31. e4 dxe4 32. Nxe4 Rd7 33. f5 Nf8 34. Nc5 Rc7 35. Re8 Nd5 36. Rb8 b6 37. Ne6 Re7 38. Nd8+ Kg8 39. Rxe7 Nxe7 40. Rxb6 Nd7 41. Rxa6 Kh7 42. Nxc6 Nd5 43. Ra7 N5b6 44. a4 Rc8 45. Ne7 Rc3 46. a5 Rxb3 47. axb6 Nxb6 48. Rb7 Re3 49. Rxb6 Rxe7 50. d5 Rd7 51. d6 g6 52. Kf4 g5+ 53. Ke4 Kh6 54. Kd5 Ra7 55. Ke6 Ra3 56. d7 Re3+ 57. Kxf6 Rd3 58. d8=Q Rd7 59. Qh8+ Rh7 60. Ke5# 1-0

[Event "FIDE WYCC Open U14 2023"]
[Site "Montesilvano"]
[Date "2023.11.17"]
[Round "5.32"]
[White "Salinas Cardenas, Rodrigo Salvador"]
[Black "George Micheal, Kevin"]
[Result "*"]
[WhiteElo "1714"]
[BlackElo "2317"]
[Annotator "RC"]
[PlyCount "105"]
[EventDate "2023.11.13"]
[EventType "swiss"]
[EventCountry "ITA"]
[SourceTitle "playchess.com"]
[Source "ChessBase"]
[SourceQuality "1"]
[TimeControl "40/5400+30:1800+30"]

1. Nf3 d5 2. d4 Nf6 3. c4 c6 4. cxd5 cxd5 5. Nc3 Nc6 6. Bf4 a6 7. e3 Bf5 8. Ne5 Qb6 9. Qb3 Qxb3 10. axb3 Rc8 11. Bd3 Bxd3 12. Nxd3 e6 13. h3 Be7 14. Ke2 O-O 15. Rhc1 Nd7 16. Na4 Na7 17. Ne5 Nxe5 18. Bxe5 Rxc1 19. Rxc1 Rc8 20. Rxc8+ Nxc8 21. Bc7 Kf8 22. Nb6 Nxb6 23. Bxb6 Ke8 24. Ba5 Kd7 25. Kd3 Kc6 26. Be1 Kb5 27. f3 f5 28. f4 Bb4 29. Bf2 a5 30. Kc2 Kc6 31. Kd3 Kb5 32. Kc2 a4 33. Bg3 Bd6 34. Be1 Be7 35. h4 g6 36. Bf2 Bb4 37. Bg3 Ba5 38. Bf2 h6 39. Bg3 Bb4 40. Bf2 Ka5 41. Bg3 Be7 42. Be1+ Bb4 43. Bg3 b5 44. Bf2 Be7 45. Be1+ b4 46. bxa4 Kxa4 47. b3+ Kb5 48. Kd3 Kc6 49. Ke2 Kd7 50. g3 Ke8 51. Kf3 Kf7 52. Kg2 g5 53. hxg5 *

[Event "FIDE WYCC Open U14 2023"]
[Site "Montesilvano"]
[Date "2023.11.17"]
[Round "5.33"]
[White "Merida Ceballos, Sebastian"]
[Black "Akhmedov, David"]
[Result "0-1"]
[ECO "B07"]
[WhiteElo "1727"]
[BlackElo "2240"]
[Annotator "ChessBase"]
[PlyCount "118"]
[EventDate "2023.11.13"]
[EventType "swiss"]
[EventCountry "ITA"]
[SourceTitle "playchess.com"]
[Source "ChessBase"]
[SourceQuality "1"]
[TimeControl "40/5400+30:1800+30"]

1. e4 d6 2. d4 Nf6 3. Nc3 e5 4. dxe5 dxe5 5. Qxd8+ Kxd8 6. Bc4 Be6 7. Bxe6 fxe6 8. Nf3 Bd6 9. Bg5 h6 10. Be3 Nbd7 11. O-O-O Ke7 12. a3 Rhb8 13. Nd2 b5 14. a4 bxa4 15. Nxa4 Rb4 16. b3 Nxe4 17. Nxe4 Rxe4 18. c4 Bb4 19. Kc2 Rg4 20. g3 a5 21. Rd3 Ra6 22. Rhd1 Rd6 23. c5 Rxd3 24. Kxd3 Nf6 25. h3 Rg6 26. g4 Nd5 27. Ke4 Rf6 28. g5 Rg6 29. gxh6 gxh6 30. Kxe5 Nxe3 31. fxe3 Rg3 32. Kf4 Rxh3 33. c6 Bd6+ 34. Ke4 Rh4+ 35. Kf3 Rb4 36. Rd3 e5 37. e4 Ke6 38. Rc3 Rb5 39. Kg4 Rb4 40. Re3 Be7 41. Kh5 Bg5 42. Rc3 Bd2 43. Rg3 Bg5 44. Rc3 Kd6 45. Nc5 Rd4 46. Kg6 Bd2 47. Nb7+ Ke6 48. Rf3 Bf4 49. Nc5+ Ke7 50. Kf5 Rd6 51. Nd3 Rf6+ 52. Kg4 Rg6+ 53. Kh3 Rxc6 54. Nxf4 exf4 55. Kg4 Rf6 56. Rc3 f3 57. Rxc7+ Kd6 58. Rc1 f2 59. Rf1 Ke5 0-1

[Event "FIDE WYCC Open U14 2023"]
[Site "Montesilvano"]
[Date "2023.11.17"]
[Round "5.34"]
[White "Sodbilegt, Naranbold"]
[Black "Nieto Foresti, Julian"]
[Result "1-0"]
[ECO "B42"]
[WhiteElo "2151"]
[BlackElo "1769"]
[Annotator "ChessBase"]
[PlyCount "71"]
[EventDate "2023.11.13"]
[EventType "swiss"]
[EventCountry "ITA"]
[SourceTitle "playchess.com"]
[Source "ChessBase"]
[SourceQuality "1"]
[TimeControl "40/5400+30:1800+30"]

1. e4 c5 2. Nf3 e6 3. d4 cxd4 4. Nxd4 a6 5. Bd3 Nf6 6. O-O Qc7 7. Qe2 d6 8. c4 b6 9. Nc3 Bb7 10. Nd5 exd5 11. exd5+ Kd8 12. Bg5 Nbd7 13. Rfe1 Kc8 14. Qe8+ Qd8 15. Bxf6 gxf6 16. Qxf7 Ne5 17. Qh5 Be7 18. Bf5+ Kb8 19. f4 Nxc4 20. b3 Ne5 21. Rac1 Qg8 22. Be6 Qg6 23. Qe2 Qd3 24. Qf2 Qg6 25. fxe5 dxe5 26. Nc6+ Bxc6 27. Qxb6+ Bb7 28. Rc7 Ra7 29. Rec1 Ka8 30. Bc8 Bc5+ 31. R1xc5 Qb1+ 32. Rc1 Qxc1+ 33. Rxc1 Rxc8 34. Rxc8+ Bxc8 35. Qc6+ Kb8 36. Qxf6 1-0

[Event "FIDE WYCC Open U14 2023"]
[Site "Montesilvano"]
[Date "2023.11.17"]
[Round "5.35"]
[White "Yang, Sylvia Siyuan"]
[Black "Arnold, Rhys"]
[Result "*"]
[ECO "A06"]
[WhiteElo "1973"]
[BlackElo "2146"]
[Annotator "ChessBase"]
[PlyCount "106"]
[EventDate "2023.11.13"]
[EventType "swiss"]
[EventCountry "ITA"]
[SourceTitle "playchess.com"]
[Source "ChessBase"]
[SourceQuality "1"]
[TimeControl "40/5400+30:1800+30"]

1. Nf3 d5 2. g3 c6 3. Bg2 Bg4 4. h3 Bh5 5. O-O Nd7 6. c4 Bxf3 7. Bxf3 Ne5 8. Qb3 Qb6 9. cxd5 Qxb3 10. axb3 Nxf3+ 11. exf3 cxd5 12. Nc3 e6 13. Nb5 Kd7 14. Rxa7 Rxa7 15. Nxa7 Bc5 16. Nb5 Ne7 17. d3 Nf5 18. g4 Nd4 19. Be3 Nxb3 20. Bxc5 Nxc5 21. Rc1 Na6 22. f4 Re8 23. Kg2 e5 24. fxe5 Rxe5 25. Kf3 h5 26. gxh5 Rxh5 27. Kg4 Rh6 28. Nd4 Rb6 29. Nf5 g6 30. Ne3 Rxb2 31. Nxd5 Rxf2 32. Rb1 Kd6 33. Nc3 Rc2 34. Nb5+ Kd5 35. d4 Nc7 36. Na7 Kxd4 37. Rxb7 Ke5 38. h4 Rc4+ 39. Kg3 f5 40. Rb3 Rg4+ 41. Kh3 Ne6 42. Rb5+ Kf6 43. Rb6 Kf7 44. Rb7+ Kf6 45. Rb6 Rd4 46. Kg3 Rd3+ 47. Kg2 Rd7 48. Ra6 Rd4 49. Kh3 Re4 50. Nc8 Re3+ 51. Kg2 Kg7 52. Nd6 Nd4 53. Ra4 Rd3 *

[Event "FIDE WYCC Open U14 2023"]
[Site "Montesilvano"]
[Date "2023.11.18"]
[Round "6.1"]
[White "Mamedov, Edgar"]
[Black "Tabuenca Mendataurigoitia, Daniel"]
[Result "1/2-1/2"]
[ECO "E10"]
[WhiteElo "2234"]
[BlackElo "2383"]
[Annotator "RC"]
[PlyCount "109"]
[EventDate "2023.11.13"]
[EventType "swiss"]
[EventCountry "ITA"]
[SourceTitle "playchess.com"]
[Source "ChessBase"]
[SourceQuality "1"]
[TimeControl "40/5400+30:1800+30"]

1. d4 Nf6 2. c4 e6 3. Nf3 a6 4. Nc3 d5 5. c5 b6 6. cxb6 cxb6 7. Bf4 Bd6 8. e3 O-O 9. Bd3 Bb7 10. O-O Nc6 11. Rc1 Rc8 12. Qe2 b5 13. Bxd6 Qxd6 14. a4 b4 15. Nb1 Na5 16. Ne5 h6 17. Nd2 Rfd8 18. f4 Rxc1 19. Rxc1 Rc8 20. Rxc8+ Bxc8 21. g4 Nd7 22. Ndf3 Nxe5 23. Nxe5 f6 24. Nf3 Qc6 25. g5 Qc1+ 26. Kf2 Nc4 27. b3 Nb2 28. Bc2 a5 29. gxf6 gxf6 30. Kg3 Bd7 31. e4 Bc6 32. e5 f5 33. Qd2 Qa1 34. Kh4 Qf1 35. Kg3 Nc4 36. Qe1 Qxe1+ 37. Nxe1 Ne3 38. Bd3 Nd1 39. Kf3 Be8 40. Ke2 Bh5+ 41. Kd2 Nc3 42. Bc2 Kf7 43. Nd3 Ne4+ 44. Ke3 Ke7 45. Nb2 Bg4 46. Nd3 Kd7 47. Nf2 Bh5 48. Bd1 Nxf2 49. Bxh5 Ne4 50. Ke2 Ke7 51. Ke3 Nc3 52. Kd2 Ne4+ 53. Ke3 Nc3 54. Kd2 Ne4+ 55. Ke3 1/2-1/2

[Event "FIDE WYCC Open U14 2023"]
[Site "Montesilvano"]
[Date "2023.11.18"]
[Round "6.2"]
[White "Dinh Nho Kiet"]
[Black "Banh Gia Huy"]
[Result "*"]
[WhiteElo "2253"]
[BlackElo "2397"]
[Annotator "RC"]
[PlyCount "73"]
[EventDate "2023.11.13"]
[EventType "swiss"]
[EventCountry "ITA"]
[SourceTitle "playchess.com"]
[Source "ChessBase"]
[SourceQuality "1"]
[TimeControl "40/5400+30:1800+30"]

1. d4 Nf6 2. Nf3 d5 3. e3 e6 4. Bd3 c5 5. c3 Nbd7 6. Nbd2 Be7 7. O-O O-O 8. Qe2 b6 9. e4 dxe4 10. Nxe4 Bb7 11. Rd1 Nxe4 12. Bxe4 Bxe4 13. Qxe4 Nf6 14. Qb7 Qb8 15. Qxb8 Raxb8 16. Bg5 h6 17. Bxf6 Bxf6 18. Ne5 Rb7 19. f4 cxd4 20. Rxd4 Bxe5 21. fxe5 Rc8 22. Kf2 Rc5 23. Re1 Kf8 24. Re3 Ke7 25. Kf3 Rd7 26. Rxd7+ Kxd7 27. Rd3+ Ke7 28. Ke4 f5+ 29. exf6+ gxf6 30. Rd4 Rh5 31. h3 Rg5 32. g4 h5 33. Kf3 hxg4+ 34. hxg4 Rc5 35. Ke4 Rc7 36. Rd2 Rc4+ 37. Kf3 *

[Event "FIDE WYCC Open U14 2023"]
[Site "Montesilvano"]
[Date "2023.11.18"]
[Round "6.3"]
[White "Brattgjerd, Isak Vinh"]
[Black "Arca, Christian Gian Karlo"]
[Result "0-1"]
[ECO "B12"]
[WhiteElo "2235"]
[BlackElo "2347"]
[Annotator "ChessBase"]
[PlyCount "114"]
[EventDate "2023.11.13"]
[EventType "swiss"]
[EventCountry "ITA"]
[SourceTitle "playchess.com"]
[Source "ChessBase"]
[SourceQuality "1"]
[TimeControl "40/5400+30:1800+30"]

1. e4 c6 2. d4 d5 3. e5 Bf5 4. h4 h5 5. Bg5 Qb6 6. Bd3 Qxd4 7. Nf3 Qg4 8. Bxf5 Qxf5 9. c4 Qe4+ 10. Be3 e6 11. Nbd2 Qd3 12. Rc1 Bb4 13. cxd5 exd5 14. a3 Ba5 15. Qa4 Bxd2+ 16. Bxd2 Nd7 17. Bf4 Ne7 18. Rd1 Nc5 19. Rxd3 Nxa4 20. Rd2 Nc5 21. O-O Ne6 22. Bh2 a5 23. Nd4 Nxd4 24. Rxd4 Nf5 25. Rf4 g6 26. Re1 Ke7 27. Kf1 c5 28. f3 Ng7 29. Rd1 Rhd8 30. Rf6 Ne6 31. f4 b5 32. f5 gxf5 33. Rxf5 c4 34. Bg3 d4 35. Be1 Rdc8 36. Rc1 Nc5 37. Rc2 Nd3 38. e6 Rc5 39. Rxc5 Nxc5 40. exf7 Kxf7 41. Rf2+ Kg6 42. Rf4 Nd3 43. Re4 b4 44. axb4 axb4 45. Bxb4 Nxb4 46. Rxd4 Rc8 47. g4 hxg4 48. Rxg4+ Kf5 49. Rg7 Nd3 50. Rb7 Re8 51. b3 Re1+ 52. Kg2 c3 53. Rc7 Rc1 54. b4 Nxb4 55. Kf3 c2 56. Ke2 Rh1 57. Kd2 Rd1+ 0-1

[Event "FIDE WYCC Open U14 2023"]
[Site "Montesilvano"]
[Date "2023.11.18"]
[Round "6.4"]
[White "Sowinski, Pawel"]
[Black "Dumanuly, Sultanbeibarys"]
[Result "1-0"]
[ECO "B30"]
[WhiteElo "2347"]
[BlackElo "1931"]
[Annotator "RC"]
[PlyCount "57"]
[EventDate "2023.11.13"]
[EventType "swiss"]
[EventCountry "ITA"]
[SourceTitle "playchess.com"]
[Source "ChessBase"]
[SourceQuality "1"]
[TimeControl "40/5400+30:1800+30"]

1. e4 c5 2. Nf3 Nc6 3. Bb5 d6 4. O-O Bd7 5. Re1 Nf6 6. c3 a6 7. Bf1 Bg4 8. d4 cxd4 9. cxd4 e5 10. Be3 Bxf3 11. gxf3 exd4 12. Bxd4 Be7 13. Nc3 O-O 14. f4 Qd7 15. Bg2 Nxd4 16. Qxd4 Qg4 17. Qe3 Rad8 18. Rad1 Rfe8 19. Qg3 Qh5 20. Bf3 Qc5 21. e5 dxe5 22. fxe5 Nd7 23. Nd5 Bf8 24. Bh5 g6 25. Bg4 Kh8 26. e6 fxe6 27. Nc7 Nf6 28. Nxe8 Rxe8 29. Rxe6 1-0

[Event "FIDE WYCC Open U14 2023"]
[Site "Montesilvano"]
[Date "2023.11.18"]
[Round "6.5"]
[White "Yun, Hungi"]
[Black "Daakshin Arun"]
[Result "1/2-1/2"]
[ECO "B90"]
[WhiteElo "1884"]
[BlackElo "2342"]
[Annotator "RC"]
[PlyCount "81"]
[EventDate "2023.11.13"]
[EventType "swiss"]
[EventCountry "ITA"]
[SourceTitle "playchess.com"]
[Source "ChessBase"]
[SourceQuality "1"]
[TimeControl "40/5400+30:1800+30"]

1. e4 c5 2. Nf3 d6 3. d4 cxd4 4. Nxd4 Nf6 5. Nc3 a6 6. Be3 e5 7. Nf3 Be7 8. Bc4 O-O 9. O-O Be6 10. Bb3 Nc6 11. Bg5 Nd7 12. Bxe7 Qxe7 13. Nd5 Bxd5 14. Bxd5 Nf6 15. c3 Rfd8 16. Qd3 Nb8 17. Rad1 Nbd7 18. Rfe1 g6 19. g3 Rac8 20. Nh4 b5 21. Ng2 Nxd5 22. Qxd5 Nb6 23. Qb3 Rc4 24. f3 Qf6 25. Rf1 Qg5 26. Rd3 Kg7 27. Rfd1 Rc6 28. Qc2 Qf6 29. Qe2 Qe6 30. b3 h5 31. Qd2 a5 32. Ne3 h4 33. Nf5+ Kg8 34. Qh6 Qf6 35. g4 Nc8 36. f4 exf4 37. Rh3 d5 38. g5 Qe5 39. Rxh4 gxf5 40. Qxc6 Qxe4 41. Rh8+ 1/2-1/2